AoeStats
← Cat Lover 89

Hill Fort

505809290Analyzed
2v2 RM · 20d ago on Sep 11, 2026· 76m 28s· 4 players
Game mode
Random Map
Map size
Medium (4 player)
Population
200
Speed
Normal
Resources
Standard
Victory
Conquest
Starting age
Dark Age
Ending age
Imperial Age
RankedLock teamsTeams togetherTeam positionsShared explorationLock speedFull tech treeHidden civsTurbo modeCheats
Victory
Defeat
🇺🇸 Magyars · United States
419
+13
🇺🇸 Tatars · United States
406
+14
🇲🇽 Bulgarians · Mexico
366
-14
🇲🇽 Portuguese · Mexico
340
-13
Isra23097758
14:07 Feudal Age
15:28 Wheelbarrow
18:21 Horse Collar
23:56 Castle Age
23:29 Arson
25:47 Squires
25:33 Gambesons
43:01 Ballistics
52:22 Imperial Age
55:48 Hand Cart
55:19 Loom
57:02 Forging
56:59 Scale Barding Armor
56:55 Scale Mail Armor
56:56 Padded Archer Armor
56:47 Fletching
61:21 Husbandry
61:32 Bloodlines
65:25 Chemistry
64:31 Siege Engineers
65:07 Thumb Ring
65:32 Parthian Tactics
71:13 Cavalier
miiza9315
0:45 Loom
11:27 Feudal Age
12:43 Wheelbarrow
11:57 Double-Bit Axe
21:09 Castle Age
20:53 Forging
29:04 Hand Cart
29:04 Caravan
30:01 Bow Saw
40:06 Imperial Age
40:32 Imperial Age
39:01 Scale Mail Armor
41:31 Treadmill Crane
42:16 Ballistics
41:47 Guard Tower
42:09 Fortified Wall
45:21 Chemistry
46:44 Husbandry
46:04 Cavalier
52:27 Circumnavigation
53:28 Scale Barding Armor
53:59 Iron Casting
56:47 Bombard Tower
57:04 Keep
57:18 Chain Barding Armor
57:59 Blast Furnace
57:44 Onager
60:17 Loom
RustBin
5:22 Loom
11:29 Feudal Age
13:13 Double-Bit Axe
15:11 Gold Mining
16:27 Scale Barding Armor
16:21 Horse Collar
19:31 Bloodlines
25:58 Castle Age
25:44 Wheelbarrow
24:54 Loom
24:55 Town Watch
25:41 Scale Barding Armor
26:19 Forging
28:13 Bow Saw
28:07 Heavy Plow
28:27 Hand Cart
28:26 Husbandry
28:13 Light Cavalry
29:40 Chain Barding Armor
31:33 Town Patrol
31:28 Stone Mining
32:14 Gold Shaft Mining
32:20 Iron Casting
36:50 Ballistics
42:42 Imperial Age
45:02 Elite Keshik
45:16 Onager
47:09 Conscription
49:14 Chemistry
47:58 Treadmill Crane
48:31 Masonry
49:02 Timurid Siegecraft
48:53 Silk Armor
49:54 Padded Archer Armor
49:44 Fletching
54:26 Hussar
67:31 Plate Barding Armor
67:57 Blast Furnace
66:57 Scale Mail Armor
67:12 Leather Archer Armor
66:53 Bodkin Arrow
67:04 Squires
66:24 Pikeman
66:50 Arson
66:25 Man-at-Arms
Cat Lover 89
10:25 Feudal Age
11:24 Horse Collar
15:53 Double-Bit Axe
19:40 Gold Mining
26:57 Castle Age
29:32 Heavy Plow
29:50 Bloodlines
31:32 Bow Saw
32:53 Husbandry
39:10 Imperial Age
37:25 Wheelbarrow
41:09 Crop Rotation
41:02 Elite Magyar Huszar
42:56 Corvinian Army
43:38 Hand Cart
52:29 Padded Archer Armor
52:36 Scale Barding Armor
55:50 Chain Barding Armor
67:23 Plate Barding Armor
74:24 Scale Mail Armor
74:40 Leather Archer Armor
74:16 Fletching
Connection lost

Rejoining the realm…

Still unreachable

The connection could not be restored.

Session expired

The server has moved on; the page needs a fresh start.